 Dungeon Crawl Stone Soup version 0.32-a0-898-g7811c86cf0 (webtiles) character file.

Game seed: 8148877601245683742

7 KennySheep the Sneak (level 1, 0/18 HPs)
             Began as an Armataur Delver on Apr 5, 2024.
             Slain by a hound (1 damage)
             ... on level 2 of the Dungeon.
             The game lasted 00:03:12 (211 turns).

KennySheep the Sneak (Armataur Delver)               Turns: 211, Time: 00:03:13

Health: 0/18       AC:  4    Str: 17    XL:     1   Next: 83%
Magic:  1/1        EV:  8    Int: 10    God:
Gold:   0          SH:  0    Dex: 11    Spells: 0/0 levels left

rFire   . . .        a - +0 short sword
rCold   . . .        (no shield)
rNeg    . . .        b - +0 leather armour
rPois   .            (no helmet)
rElec   .            (no cloak)
rCorr   .            (no gloves)
SInv    .            (no barding)
Will    .....        (no amulet)
Stlth   +++          (no ring)
HPRegen 0.23/turn    (no ring)
MPRegen 0.07/turn

%: roll
@: brilliant, hasted, very quick
A: large, deformed body, tough skin 3, armoured tail, rollpage 1
a: no special abilities


You were on level 2 of the Dungeon.
You visited 1 branch of the dungeon, and saw 4 of its levels.

Inventory:

Hand Weapons
 a - a +0 short sword (weapon)
Armour
 b - a +0 leather armour (worn)
Wands
 g - a wand of digging (3)
Scrolls
 c - a scroll of fog


   Skills:
 + Level 2.8 Fighting
 + Level 1.9 Short Blades
 - Level 1.3 Dodging
 * Level 5.7 Stealth


You couldn't memorise any spells.
You didn't know any spells.
Your spell library was empty.

Dungeon Overview and Level Annotations

Branches:
Dungeon (5/15)
 Temple: D:4-7

Altars:


Innate Abilities, Weirdness & Mutations

Armour fits poorly on your strangely shaped body.
You have extremely tough skin. (AC +3)
You have a long armoured tail.
You regenerate magic when rolling toward enemies. (Rampage MPRegen)


Message History

The hound is heavily wounded.
The hound completely misses you.
You closely miss the hound.
You tail-slap the hound, but do no damage.
The hound is heavily wounded.
The frilled lizard completely misses you.
It was a potion of brilliance.
You feel clever all of a sudden. The hound completely misses you.
You hit the hound but do no damage.
The hound is heavily wounded.
The hound barely misses you.
The frilled lizard bites you but does no damage.
You aren't carrying any potions.
Unknown command.
Okay, then.
You miss the hound.
The hound is heavily wounded.
The hound misses you.
The frilled lizard bites you but does no damage.
You hit the hound but do no damage.
The hound is heavily wounded.
The hound bites you.
* * * LOW HITPOINT WARNING * * *
You barely miss the hound. You tail-slap the hound.
The hound is severely wounded.
The hound bites you but does no damage. The frilled lizard misses you.
You barely miss the hound.
The hound is severely wounded.
The hound bites you.
* * * LOW HITPOINT WARNING * * *
You barely miss the hound.
The hound is severely wounded.
The frilled lizard bites you.
* * * LOW HITPOINT WARNING * * *
The hound barely misses you.
You barely miss the hound.
The hound is severely wounded.
The frilled lizard closely misses you. The hound bites you.
You die...

.##.# ....
...# .... #..#
..... #..#
..... #..#
......
##..####......
#..).l........
#..>.h@.......
#.............
#............#
#########....#
....# ...# ..#
..#


You could see a hound and a frilled lizard.

Vanquished Creatures
  A ball python (D:4)
  4 goblins
5 creatures vanquished.

Notes
Turn   | Place    | Note
-------+----------+-------------------------------------------
     0 | D:5      | KennySheep the Armataur Delver began the quest for the Orb.
     0 | D:5      | Reached XP level 1. HP: 18/18 MP: 1/1
     9 | D:5      | Noticed a bombardier beetle
     9 | D:5      | Noticed an iguana
   107 | D:4      | Noticed a hound
   127 | D:4      | Noticed an orc wizard
   157 | D:4      | Noticed an iguana
   211 | D:2      | Slain by a hound

Illustrated notes

Levels and vault maps discovered:
D:2:      layout_basic, solitary_fountain, st_stairs_14, uniq_terence
D:3:      minmay_inner_zag, layout_basic, mainiacjoe_overflow_brackets,
          mainiacjoe_overflow_24_doors, minmay_misc_feat_alley,
          minmay_door_square, grunt_ministairs_9, kennysheep_generic_room_3
D:4:      minmay_goblin_kobold_castle, layout_loops_ring
D:5:      layout_loops_ring, marbit_many_paths, minmay_temple_entry_large_hall,
          uniq_crazy_yiuf_cottage

Action                     || total
---------------------------++-------
  Melee: Short sword       ||    29
         Tailslap          ||     5
    Use: Scroll            ||     2
         Potion            ||     2
   Stab: Sleeping          ||     1
 Armour: Leather armour    ||    35
  Dodge: Dodged            ||    21

Table legend: (Time is in decaauts)
 A = Elapsed time spent in this place.
 B = Non-inter-level travel time spent in this place.
 C = Inter-level travel time spent in this place.
 D = Time resting spent in this place.
 E = Time spent auto-exploring this place.
 F = Levels seen in this place.
 G = Mean time per level.
                   A        B        C        D        E       F      G
               +--------+--------+--------+--------+--------+-----+--------+
         Total |    191 |    191 |      0 |      0 |      0 |   4 |   47.8 |
       Dungeon |    191 |    191 |      0 |      0 |      0 |   4 |   47.8 |
               +--------+--------+--------+--------+--------+-----+--------+

Top non-repeatable levels by time:
     D:4: 160 daAuts
     D:5: 14 daAuts
     D:2: 10 daAuts
     D:3: 6 daAuts
